 Dungeon Crawl Stone Soup version 0.25-a0-308-geac79542e2 (webtiles) character file.

Game seed: 13408731182565797794, levelgen mode: deterministic

53909 atavist the Cleaver (level 14, -2/115 HPs)
             Began as a Purple Draconian Ice Elementalist on Dec 21, 2019.
             Was the Champion of Makhleb.
             Killed from afar by a hell hound (19 damage)
             ... with a blast of flame
             ... on level 6 of the Lair of Beasts on Dec 22, 2019.
             The game lasted 02:16:14 (29989 turns).

atavist the Cleaver (DrIE)                         Turns: 29989, Time: 02:16:15

Health: -2/115     AC: 15    Str: 12    XL:     14   Next: 32%
Magic:  18/27      EV: 24    Int: 21    God:    Makhleb [******]
Gold:   1399       SH:  9    Dex: 18    Spells: 9/31 levels left

rFire    . . .     SeeInvis .   i - +2 hand axe "Hock" {flame, +Fly Int+5 Dex+3}
rCold    . . .     Gourm    .   F - +0 buckler
rNeg     . . .     Faith    .   (armour unavailable)
rPois    .         Spirit   .   (helmet restricted)
rElec    +         Reflect  +   q - +2 cloak
rCorr    .         Harm     .   (no gloves)
MR       +++..                  n - +2 pair of boots
Stlth    ++........             A - +4 amulet of reflection
HPRegen  0.29/turn              H - +1 ring of protection
MPRegen  0.20/turn              Z - +3 ring of evasion

@: flying
A: breathe power, unfitting armour, big wings, magic resistance 1, electricity
resistance, evolution 1, cold-blooded, AC +8
a: Breathe Dispelling Energy, Stop Flying, Minor Destruction, Lesser Servant of
Makhleb, Major Destruction, Greater Servant of Makhleb, Renounce Religion


You were on level 6 of the Lair of Beasts.
You worshipped Makhleb.
Makhleb was exalted by your worship.
You were not hungry.

You visited 3 branches of the dungeon, and saw 20 of its levels.
You also visited: Sewer and Bailey.

You collected 2320 gold pieces.
You spent 921 gold pieces at shops.

Inventory:

Hand Weapons
 i - the +2 hand axe "Hock" (weapon) {flame, +Fly Int+5 Dex+3}
   (You bought it in a shop on level 2 of the Orcish Mines)

   It has been specially enchanted to burn those struck by it, causing extra
   injury to most foes and up to half again as much damage against particularly
   susceptible opponents.
   Big, fiery blades are also staple armaments of hydra-hunters.
   It affects your intelligence (+5).
   It affects your dexterity (+3).
   It lets you fly.
 I - a +4 hand axe
 Y - a +0 broad axe
Missiles
 E - 4 curare-tipped darts
 K - 47 boomerangs (quivered)
 N - 5 throwing nets
 R - 20 javelins
Armour
 n - a +2 pair of boots (worn)
 q - a +2 cloak (worn)
 F - a +0 buckler (worn)
Jewellery
 A - a +4 amulet of reflection (around neck)
 B - an uncursed ring of see invisible
 D - an uncursed ring of protection from cold
 H - a +1 ring of protection (left hand)
 J - an uncursed ring of ice
 T - an uncursed ring of protection from magic
 Z - a +3 ring of evasion (right hand)
Wands
 p - a wand of scattershot (4)
 r - a wand of paralysis (21)
 L - a wand of clouds (5)
 P - a wand of enslavement (9)
 W - a wand of iceblast (8)
Scrolls
 c - a scroll of fog
 e - 6 scrolls of fear
 l - 3 scrolls of magic mapping
 m - 10 scrolls of teleportation
 t - 4 scrolls of enchant weapon
 v - 9 scrolls of remove curse
 C - a scroll of enchant armour
 V - a scroll of blinking
Potions
 a - 8 potions of curing
 d - a potion of agility
 f - 2 potions of invisibility
 g - 2 potions of might {unknown}
 h - 3 potions of lignification
 j - 3 potions of magic
 k - a potion of cancellation
 o - 2 potions of brilliance
 w - 4 potions of mutation
 z - 3 potions of ambrosia
 M - 2 potions of heal wounds
 O - 3 potions of berserk rage
 Q - 2 potions of haste {unknown}
 U - 5 potions of flight
Miscellaneous
 S - a sack of spiders
 X - a lightning rod (4/4)
Comestibles
 b - 33 rations
 s - 6 chunks of flesh


   Skills:
 * Level 8.0 Fighting
 * Level 12.3 Axes
 + Level 6.4 Throwing
 * Level 11.1 Dodging
 - Level 1.7 Stealth
 - Level 4.2 Shields
 + Level 9.0 Spellcasting
 - Level 4.1 Conjurations
 * Level 6.3 Charms
 - Level 5.0 Summonings
 * Level 1.0 Necromancy
 - Level 2.9 Translocations
 - Level 3.5 Fire Magic
 + Level 7.0 Ice Magic
 - Level 6.2 Invocations
 + Level 1.6 Evocations


You had 9 spell levels left.
You knew the following spells:

 Your Spells              Type           Power        Failure   Level  Hunger
a - Freeze                Ice            ####         1%          1    None
b - Ozocubu's Armour      Chrm/Ice       #####...     1%          3    None
c - Blink                 Tloc           N/A          3%          2    None
d - Summon Ice Beast      Ice/Summ       ####....     6%          4    ##.....
e - Conjure Flame         Conj/Fire      ####....     4%          3    None
f - Hailstorm             Conj/Ice       ####....     8%          4    ##.....
g - Song of Slaying       Chrm           #####...     1%          2    None
h - Regeneration          Chrm/Necr      ####......   4%          3    None

Your spell library contained the following spells:

 Spells                   Type           Power        Failure   Level  Hunger
 Infusion                 Chrm           ####         1%          1    None
 Magic Dart               Conj           ####         1%          1    None
 Summon Small Mammal      Summ           ####         1%          1    None
 Call Imp                 Summ           ####....     1%          2    None
 Shroud of Golubria       Chrm/Tloc      ####..       1%          2    None
 Apportation              Tloc           ###...       2%          1    None
 Animate Skeleton         Necr           N/A          4%          1    None
 Spectral Weapon          Hex/Chrm       ###.....     6%          3    None
 Beastly Appendage        Tmut           #.....       7%          1    None
 Confusing Touch          Hex            #.....       7%          1    None
 Slow                     Hex            #.......     11%         2    None
 Sticks to Snakes         Tmut           #.......     11%         2    None
 Mephitic Cloud           Conj/Pois/Air  ###.....     12%         3    None
 Ice Form                 Ice/Tmut       ###.....     17%         4    ##.....
 Spider Form              Tmut/Pois      #.........   22%         3    None
 Blade Hands              Tmut           #.........   89%         5    #####..


Dungeon Overview and Level Annotations

Branches:
Dungeon (12/15)            Temple (0/1) D:4            Lair (6/6) D:9
 Shoals (0/4) Lair:4       Spider (0/4) Lair:4        Slime (0/5) Lair:5
    Orc (2/2) D:11            Elf (0/3) Orc:2         Sewer (visited)
 Bailey (visited)

Altars:
Elyvilon
Fedhas
Hepliaklqana
Kikubaaqudgha
Makhleb
Nemelex Xobeh
Qazlal
Ru
Sif Muna
Trog
Vehumet
Xom
Yredelemnul
Zin
The Shining One
Beogh

Shops:
Orc:1 :   Orc:2 (}*=

Portals:
Trove: D:12 (give 16 potions of curing)

Annotations:
D:1 exclusion: downstairs
D:3 exclusion: downstairs, Natasha
D:4 exclusion: downstairs
D:5 exclusion: 2 downstairs, Menkaure
D:6 Grinder
D:8 exclusion: 2 downstairs
D:9 exclusion: downstairs
D:11 exclusion: downstairs
Lair:1 exclusion: 2 downstairs
Lair:2 exclusions: downstairs and fire dragon
Lair:3 exclusions: downstairs and 2 oklob plants
Lair:5 3 runed translucent doors, Baiput's ghost, journeyman GrFi


Innate Abilities, Weirdness & Mutations

You can breathe bolts of dispelling energy.
Your rich purple scales are hard. (AC +8)
You cannot fit into any form of body armour.
You are cold-blooded and may be slowed by cold attacks.
Your large and strong wings let you fly indefinitely.
You are resistant to hostile enchantments. (MR+)
You are resistant to electric shocks. (rElec)
You evolve.


Message History

Aim: a fire crab (flame, almost dead)
You freeze the fire crab.
You kill the fire crab!
Makhleb accepts your kill.
You feel better.
Your Necromancy skill increases to level 1!
You are engulfed in blazing flames.
* * * LOW HITPOINT WARNING * * *
Your song has ended.
The hell hound closely misses you.
Okay, then.
Casting: Freeze (safe; 1% risk of failure)
Confirm with . or Enter, or press ? or * to list all spells.
You blink.
You are engulfed in blazing flames.
* * * LOW HITPOINT WARNING * * *
You hit the hell hound.
The hell hound is severely wounded.
The hell hound breathes flames at you. The blast of flame hits you!!
You die...

#....#
#....##
##..?..#
#P.....#
##P...##
##..###
#...#†# .
##..○#.......
#@h..###....
#....## #.
##....#
P......
#.........
.#........
#..........
...........


You could see a hell hound.

Vanquished Creatures
  Jorgrun (Orc:2)
  Harold (Lair:1)
  5 hydras
  A centaur warrior (D:11)
  A two-headed ogre (Orc:2)
  8 death yaks
  Nergalle (Orc:1)
  A fire crab (Lair:6)
  An unseen horror (D:9)
  8 orc sorcerers
  4 black mambas
  A torpor snail (Lair:6)
  15 spiny frogs
  5 komodo dragons
  A demonic crawler (Lair:4)
  5 rime drakes
  A merfolk (D:12)
  A hornet (D:10)
  3 trolls
  A polar bear (Lair:4)
  2 slime creatures (Lair:5)
  11 hippogriffs
  A blink frog (Lair:4)
  2 dream sheep (Lair:4)
  2 wraiths (D:12)
  35 yaks
  Eustachio (D:5)
  2 wyverns
  3 basilisks
  Edmund (D:6)
  8 wargs
  A hell hound (Lair:6)
  7 porcupines
  14 water moccasins
  3 sky beasts
  16 orc warriors
  2 black bears
  An ice beast (D:9)
  3 necrophages
  4 ogres
  A phantom (D:10)
  17 centaurs
  9 wolves
  12 crocodiles
  14 bullfrogs
  An elf zombie (D:12)
  5 scorpions
  13 killer bees
  2 vampire bats (Lair:5)
  6 wights
  An electric eel (Lair:3)
  3 howler monkeys
  A bullfrog zombie (D:12)
  2 centaur zombies
  5 crimson imps
  2 bullfrog skeletons
  8 hounds
  32 orc wizards
  9 orc priests
  Crazy Yiuf (D:3)
  A gnoll shaman (D:7)
  3 human zombies (D:12)
  5 jellies
  A centaur skeleton (D:4)
  A human skeleton (D:12)
  Ijyb (D:3)
  3 iguanas
  Natasha (twice) (D:3)
  4 worker ants
  2 hound skeletons
  2 hound zombies
  3 mummies (D:12)
  8 gnolls
  11 adders
  3 river rats (Sewer)
  2 shadow imps
  A white imp (D:4)
  An ooze (D:3)
  6 worms
  3 dart slugs (D:1)
  8 leopard geckos
  79 orcs
  18 bats
  11 giant cockroaches
  5 goblins
  7 hobgoblins
  6 jackals
  2 quokkas
  5 ball pythons
  8 frilled lizards
  2 goblin skeletons (D:5)
  A goblin zombie (D:5)
  3 hobgoblin zombies (D:5)
  A jackal skeleton (D:6)
  18 kobolds
  A kobold zombie (D:5)
  2 orc skeletons (D:5)
  2 orc zombies
  8 rats
  3 fungi
581 creatures vanquished.

Vanquished Creatures (collateral kills)
  3 two-headed ogres
  2 orc sorcerers
  An ugly thing (D:12)
  2 black mambas
  A spiny frog (Lair:4)
  3 trolls
  2 blink frogs (Lair:4)
  A dream sheep (Lair:4)
  6 yaks
  A water moccasin (Lair:4)
  A porcupine (Lair:2)
  An orc warrior (Orc:2)
  2 black bears (D:9)
  2 ogres
  2 crocodiles (Lair:4)
  A big kobold (D:9)
  4 killer bees (D:10)
  4 orc wizards (Orc:2)
  5 orcs
  A kobold (D:9)
45 creatures vanquished.

Vanquished Creatures (others)
  3 orc wizards (Orc:2)
  2 kobolds (Bailey)
  11 fungi
  6 plants
  4 toadstools (D:12)
26 creatures vanquished.

Grand Total: 652 creatures vanquished

Notes
Turn   | Place    | Note
-------+----------+-------------------------------------------
     0 | D:1      | atavist the Draconian Ice Elementalist began the quest for
                  | the Orb.
     0 | D:1      | Reached XP level 1. HP: 14/14 MP: 3/3
   199 | D:1      | Reached XP level 2. HP: 20/20 MP: 1/5
  1069 | D:1      | Reached XP level 3. HP: 25/26 MP: 0/6
  1127 | D:1      | Learned a level 3 spell: Ozocubu's Armour
  1660 | D:2      | Found a burning altar of Makhleb.
  1671 | D:2      | Reached XP level 4. HP: 32/33 MP: 0/8
  1850 | D:2      | Became a worshipper of Makhleb the Destroyer
  2446 | D:3      | Found a basalt altar of Yredelemnul.
  2454 | D:3      | Noticed Ijyb
  2581 | D:3      | Reached skill level 5 in Ice Magic
  2707 | D:3      | Noticed Natasha
  2722 | D:3      | Killed Natasha
  2722 | D:3      | Reached XP level 5. HP: 38/38 MP: 5/9
  2827 | D:3      | Found a glowing drain.
  2831 | Sewer    | Entered a sewer
  2950 | Sewer    | Reached * piety under Makhleb
  3362 | D:3      | Found a glowing silver altar of Zin.
  3415 | D:3      | Noticed Natasha
  3419 | D:3      | Killed Natasha
  3419 | D:3      | Reached skill level 1 in Charms
  3439 | D:3      | Killed Ijyb
  3510 | D:3      | Found a runed translucent door.
  3511 | D:3      | Noticed Crazy Yiuf
  3548 | D:3      | Noticed Natasha
  3590 | D:3      | Killed Crazy Yiuf
  3590 | D:3      | Reached XP level 6. HP: 32/46 MP: 3/12
  4167 | D:4      | Found a sacrificial altar of Ru.
  4238 | D:4      | Found a shimmering altar of Xom.
  4240 | D:4      | Found an iron altar of Okawaru.
  4240 | D:4      | Found a sparkling altar of Nemelex Xobeh.
  4242 | D:4      | Found a blossoming altar of Fedhas.
  4242 | D:4      | Found a shimmering altar of Xom.
  4242 | D:4      | Found a blossoming altar of Fedhas.
  4700 | D:4      | Found a radiant altar of Vehumet.
  4701 | D:4      | Found a shimmering blue altar of Sif Muna.
  4718 | D:4      | Found a staircase to the Ecumenical Temple.
  5132 | D:5      | Entered Level 5 of the Dungeon
  5210 | D:5      | Noticed Eustachio
  5227 | D:5      | Reached skill level 1 in Fighting
  5292 | D:5      | Found an ancient bone altar of Kikubaaqudgha.
  5296 | D:5      | Learned a level 2 spell: Blink
  5301 | D:5      | Learned a level 4 spell: Summon Ice Beast
  5318 | D:5      | Reached skill level 1 in Axes
  5318 | D:5      | Your scales start taking on a rich purple colour.
  5318 | D:5      | Reached XP level 7. HP: 52/52 MP: 14/14
  5335 | D:5      | Reached skill level 2 in Axes
  5346 | D:5      | Reached ** piety under Makhleb
  5690 | D:5      | Found a glowing golden altar of the Shining One.
  6200 | D:5      | Reached skill level 5 in Spellcasting
  6280 | D:5      | Reached skill level 1 in Summonings
  6508 | D:5      | Killed Eustachio
  6508 | D:5      | Reached XP level 8. HP: 61/61 MP: 12/16
  6632 | D:5      | Reached skill level 1 in Throwing
  6845 | D:5      | Noticed Menkaure
  7602 | D:6      | Noticed Edmund
  7617 | D:6      | Killed Edmund
  7807 | D:6      | Noticed Grinder
  8227 | D:7      | Reached *** piety under Makhleb
  8441 | D:7      | Reached XP level 9. HP: 67/67 MP: 15/19
  8516 | D:7      | Found a bloodstained altar of Trog.
  8579 | D:7      | Found a white marble altar of Elyvilon.
  8742 | D:7      | Reached skill level 3 in Axes
  9084 | D:7      | Found a stormy altar of Qazlal.
  9208 | D:8      | Reached skill level 1 in Shields
  9250 | D:8      | Found a blossoming altar of Fedhas.
  9347 | D:8      | Reached skill level 5 in Dodging
  9399 | D:8      | Reached skill level 1 in Invocations
  9688 | D:8      | Noticed a two-headed ogre
  9714 | D:8      | Killed a two-headed ogre
  9714 | D:8      | Reached skill level 4 in Axes
 10240 | D:8      | Reached **** piety under Makhleb
 10481 | D:9      | Found a hazy altar of Hepliaklqana.
 10483 | D:9      | Noticed a two-headed ogre
 10542 | D:9      | Found a staircase to the Lair.
 10727 | D:9      | Noticed a troll
 10736 | D:9      | Reached XP level 10. HP: 73/73 MP: 19/21
 10916 | D:9      | Noticed an unseen horror
 10928 | D:9      | Killed an unseen horror
 11037 | D:9      | Killed a two-headed ogre
 11185 | D:10     | Entered Level 10 of the Dungeon
 11306 | D:10     | Reached skill level 1 in Translocations
 11365 | D:9      | Reached skill level 5 in Summonings
 11956 | D:10     | Learned a level 3 spell: Conjure Flame
 12032 | D:10     | Reached skill level 5 in Axes
 12690 | D:10     | Reached skill level 1 in Conjurations
 12690 | D:10     | Reached skill level 1 in Fire Magic
 12690 | D:10     | Reached XP level 11. HP: 78/81 MP: 21/24
 12864 | D:10     | Paralysed by a hornet for 2 turns
 13378 | D:11     | Reached ***** piety under Makhleb
 13691 | D:11     | Found a staircase to the Orcish Mines.
 13931 | D:11     | Reached skill level 5 in Invocations
 14156 | D:11     | Noticed a centaur warrior
 14175 | D:11     | Killed a centaur warrior
 14175 | D:11     | Reached skill level 6 in Axes
 14547 | D:12     | Found a portal to a secret trove of treasure.
 14895 | D:12     | Found a basalt altar of Yredelemnul.
 15165 | D:12     | Noticed a skeletal warrior
 15267 | D:12     | Noticed a two-headed ogre
 15279 | D:12     | Killed a two-headed ogre
 15485 | D:12     | Noticed a brown ugly thing
 15494 | D:12     | Killed a brown ugly thing
 15494 | D:12     | Reached skill level 7 in Axes
 15734 | D:12     | Noticed a skeletal warrior
 15739 | D:12     | Noticed a skeletal warrior
 15817 | Lair:1   | Entered Level 1 of the Lair of Beasts
 16175 | Lair:1   | Noticed Harold
 16492 | Lair:1   | Killed Harold
 17152 | Lair:2   | Reached XP level 12. HP: 89/89 MP: 14/25
 17173 | Lair:2   | Reached skill level 8 in Axes
 17423 | Lair:2   | Noticed a fire dragon
 18597 | Lair:3   | Noticed a death yak
 18675 | Lair:3   | Noticed an eight-headed hydra
 18686 | Lair:3   | Killed an eight-headed hydra
 19139 | Lair:3   | Learned a level 4 spell: Hailstorm
 19930 | Lair:3   | Noticed a death yak
 19930 | Lair:3   | Noticed a death yak
 19930 | Lair:3   | Noticed a death yak
 19930 | Lair:3   | Noticed a death yak
 19930 | Lair:3   | Noticed a death yak
 20497 | Lair:3   | Killed a death yak
 20497 | Lair:3   | Reached skill level 5 in Throwing
 20907 | Lair:3   | Killed a death yak
 20907 | Lair:3   | Reached skill level 9 in Axes
 21048 | Lair:2   | Killed a death yak
 21397 | Lair:4   | Noticed a death yak
 21413 | Lair:4   | Noticed a death yak
 21415 | Lair:4   | Noticed a death yak
 21516 | Lair:2   | Killed a death yak
 21516 | Lair:2   | Reached skill level 5 in Fighting
 22322 | Lair:4   | Noticed an eight-headed hydra
 22337 | Lair:4   | Killed an eight-headed hydra
 22337 | Lair:4   | Reached XP level 13. HP: 99/99 MP: 1/26
 22516 | Lair:4   | Reached skill level 10 in Axes
 22746 | Lair:4   | You fall into a shaft and drop 1 floor!
 22753 | Lair:5   | Found a runed translucent gate.
 22753 | Lair:5   | Found a runed translucent gate.
 22753 | Lair:5   | Found a runed translucent gate.
 22755 | Lair:5   | Noticed Baiput's ghost (journeyman GrFi)
 23128 | Lair:5   | Reached skill level 1 in Evocations
 23173 | Lair:5   | Found a staircase to the Slime Pits.
 23401 | Lair:5   | Reached skill level 5 in Charms
 24502 | Lair:4   | Found a hole to the Spider Nest.
 24674 | Lair:4   | Reached skill level 10 in Dodging
 24806 | Lair:4   | Found a staircase to the Shoals.
 24925 | Lair:4   | Reached skill level 11 in Axes
 25305 | Lair:4   | Gained mutation: You are resistant to electric shocks.
                  | (rElec) [potion of mutation]
 25305 | Lair:4   | Gained mutation: You are resistant to hostile enchantments.
                  | (MR+) [potion of mutation]
 25305 | Lair:4   | Gained mutation: You evolve. [potion of mutation]
 25696 | Orc:1    | Entered Level 1 of the Orcish Mines
 25846 | D:11     | Gained mutation: Your large and strong wings let you fly
                  | indefinitely. [evolution]
 25898 | Orc:1    | Found a flagged portal.
 26024 | Bailey   | Entered a bailey
 26578 | Orc:1    | Noticed Nergalle
 26607 | Orc:1    | Killed Nergalle
 26798 | Orc:1    | Found a roughly hewn altar of Beogh.
 26947 | Orc:2    | Entered Level 2 of the Orcish Mines
 27059 | Orc:2    | Found a staircase to the Elven Halls.
 27719 | Orc:2    | Noticed Jorgrun
 27742 | Orc:2    | Killed Jorgrun
 28199 | Orc:2    | Reached ****** piety under Makhleb
 28424 | Orc:2    | Found Ceguap's Jewellery Emporium.
 28424 | Orc:2    | Found Xittouf's Assorted Antiques.
 28540 | Orc:2    | Bought a runed steel ring for 160 gold pieces
 28543 | Orc:2    | Bought 2 bubbling cyan potions for 57 gold pieces
 28581 | Orc:2    | Found a roughly hewn altar of Beogh.
 28596 | Orc:2    | Reached XP level 14. HP: 113/113 MP: 14/27
 28651 | Orc:2    | Found Soedytz's Antique Weapon Boutique.
 28651 | Orc:2    | Found Banlid's Gadget Emporium.
 28656 | Orc:2    | Bought a scorched hand axe for 224 gold pieces
 28665 | Orc:2    | Identified the +2 hand axe "Hock" {flame, +Fly Int+5 Dex+3}
                  | (You bought it in a shop on level 2 of the Orcish Mines)
 28902 | Orc:1    | Found Ybun's Book Boutique.
 28944 | Orc:1    | Bought a book of Battle for 480 gold pieces
 28947 | Orc:1    | Learned a level 2 spell: Song of Slaying
 28951 | Orc:1    | Learned a level 3 spell: Regeneration
 29195 | Lair:6   | Entered Level 6 of the Lair of Beasts
 29240 | Lair:6   | Reached skill level 12 in Axes
 29987 | Lair:6   | Reached skill level 1 in Necromancy
 29989 | Lair:6   | Killed from afar by a hell hound

Levels and vault maps discovered:
D:1:      dpeg_arrival_court, layout_loops_ring, minmay_misc_feat_room
D:2:      layout_basic, makhleb_heckhound_becter
D:3:      layout_loops_ring, overflow_temple_1_default,
          nicolae_overflow_hidden_temple, serial_bayou, serial_bayou_lagoon_a,
          serial_bayou_pond_d, serial_bayou_pond_a, serial_bayou_pond_d,
          gup_sewer_entry_spiral, first_ration, uniq_crazy_yiuf_cottage,
          uniq_ijyb, uniq_natasha
D:4:      layout_basic, nicolae_ru_the_path_less_chosen, doesnt_xom_only_xom,
          gammafunk_temple_overflow_pools, temple_fountains
D:5:      minmay_diamond_boxcup, layout_basic, lemuel_doored_altar,
          nicolae_tso_besieged_by_evil, serial_shops, shop, uniq_eustachio,
          uniq_menkaure
D:6:      layout_cave_pools, uniq_grinder, uniq_edmund
D:7:      layout_loops_ring, lemuel_crystal_altar, kennysheep_mini,
          elyvilon_altar_3
D:8:      layout_loops_ring, fedhas_altar_3
D:9:      layout_roguey, nicolae_overflow_crystal_walls, lair_entry_dummy
D:10:     layout_irregular_city
D:11:     layout_loops_corners, orc_0_dummy
D:12:     layout_gridville, enter_trove_1, hangedman_fish_farm,
          minmay_gold_behind_fungi, lemuel_mausoleum_altar_yredelemnul
Lair:1:   layout_small_grid, grunt_megastairs_1, uniq_harold
Lair:2:   dragon1_lemuel, layout_regular_city
Lair:3:   layout_cave_pods, minmay_lair_oklob_chamber, grunt_megastairs_3,
          serial_bayou_shore_a, lemuel_fruit_tree
Lair:4:   layout_cave_shapes, shoals_dummy_entry,
          nicolae_spider_entry_non_spiders, minmay_shattered_shrine
Lair:5:   layout_long_grid, minmay_slime_entry_pillars, gammafunk_ghost_split,
          roderic_batcave, wad_woods_road_01
Lair:6:   cheibrodos_lair_end_hotspot, layout_big_grid, serial_rivers,
          chequers_serial_rivers_room_a, chequers_serial_rivers_micro_c,
          chequers_serial_rivers_micro_a, chequers_serial_rivers_micro_a,
          chequers_serial_rivers_large_a, bh_autumn_forest_stairs
Orc:1:    layout_diamond_mine, serial_shops, shop, enter_bailey_1,
          nicolae_orc_lost_temple, uniq_nergalle
Orc:2:    st_orc_town, layout_diamond_mine, uniq_jorgrun

Skill      XL: |  1  2  3  4  5  6  7  8  9 10 11 12 13 14 |
---------------+-------------------------------------------+-----
Dodging        | 2 3 4 5 6 8 9 10 11 | 11.1
Spellcasting   | 3 4 5 6 7 9 |  9.0
Ice Magic      | 5 6 7 |  7.0
Charms         | 1 2 3 4 5 6 |  6.3
Fighting       | 1 2 3 5 7 8 |  8.0
Axes           | 1 2 4 5 7 9 11 12 | 12.3
Summonings     | 1 3 4 5 |  5.0
Throwing       | 2 3 4 5 6 |  6.4
Shields        | 3 4 |  4.2
Invocations    | 2 4 5 6 |  6.2
Translocations | 2 |  2.9
Conjurations   | 1 2 4 |  4.1
Fire Magic     | 1 2 3 |  3.5
Evocations     | 1 |  1.6
Necromancy     | 1 |  1.0
Stealth        | |  1.7

Action                   |  1- 3 |  4- 6 |  7- 9 | 10-12 | 13-15 || total
-------------------------+-------+-------+-------+-------+-------++-------
Melee: Club              |     3 |    22 |       |       |       ||    25
       Tailslap          |       |    10 |    47 |   150 |   144 ||   351
       Hand axe          |       |    31 |   241 |   741 |   881 ||  1894
Throw: Dart              |       |     3 |    95 |   155 |     3 ||   256
       Boomerang         |       |       |       |    31 |   171 ||   202
       Javelin           |       |       |       |    18 |    60 ||    78
 Cast: Freeze            |    60 |   123 |   129 |   250 |    64 ||   626
       Ozocubu's Armour  |       |     3 |    13 |    38 |    50 ||   104
       Summon Ice Beast  |       |       |    12 |    39 |    17 ||    68
       Blink             |       |       |     1 |     4 |     2 ||     7
       Conjure Flame     |       |       |       |     8 |     4 ||    12
       Hailstorm         |       |       |       |     7 |    30 ||    37
       Song of Slaying   |       |       |       |       |     7 ||     7
Invok: Lesser Servant of |       |       |       |     3 |     5 ||     8
 Abil: Breathe Dispellin |       |       |     3 |     3 |     2 ||     8
       Fly               |       |       |       |       |     1 ||     1
Evoke: Sack of spiders   |       |       |       |     2 |       ||     2
       Wand              |       |       |       |     6 |    11 ||    17
       Lightning rod     |       |       |       |       |     2 ||     2
  Use: Scroll            |       |     9 |     2 |    16 |     4 ||    31
       Potion            |       |       |       |       |     4 ||     4
 Stab: Sleeping          |     2 |     4 |     2 |     9 |     2 ||    19
       Distracted        |       |       |     1 |     3 |     4 ||     8
  Eat: Chunk             |     3 |    11 |    18 |    23 |    25 ||    80
       Ration            |       |       |     1 |     6 |     2 ||     9
Armor: Skin              |    17 |    60 |   128 |   186 |   199 ||   590
Dodge: Dodged            |    30 |    91 |   219 |   559 |   655 ||  1554
Block: Other             |       |       |    15 |       |       ||    15
       Reflection        |       |       |     2 |    10 |    13 ||    25
       Buckler           |       |       |    86 |   448 |   454 ||   988

Table legend:
 A = Non-vault XP
 B = Vault XP
 C = Vault XP percentage of total XP
 D = Non-vault monster count
 E = Vault monster count
 F = Vault count percentage of total count
                 A         B        C        D         E       F
            +---------+---------+-------+---------+---------+-------
      Total |   55035 |   21979 |  28.5 |     440 |     187 |  29.8
            +---------+---------+-------+---------+---------+-------
        D:1 |      52 |       0 |   0.0 |      27 |       0 |   0.0
        D:2 |      51 |      42 |  45.2 |      14 |       1 |   6.7
        D:3 |     100 |     134 |  57.3 |      11 |       8 |  42.1
        D:4 |     178 |      10 |   5.3 |      16 |       1 |   5.9
        D:5 |    1026 |     365 |  26.2 |      28 |      17 |  37.8
        D:6 |     342 |     171 |  33.3 |       8 |       1 |  11.1
        D:7 |     624 |       0 |   0.0 |      21 |       0 |   0.0
        D:8 |    1759 |       0 |   0.0 |      25 |       0 |   0.0
        D:9 |    4088 |       0 |   0.0 |      30 |       0 |   0.0
       D:10 |    2506 |       0 |   0.0 |      24 |       0 |   0.0
       D:11 |    3618 |       0 |   0.0 |      34 |       0 |   0.0
       D:12 |    1859 |    1076 |  36.7 |      10 |      13 |  56.5
     Lair:1 |    2580 |    1239 |  32.4 |      15 |       3 |  16.7
     Lair:2 |    7325 |       0 |   0.0 |      24 |       0 |   0.0
     Lair:3 |    3542 |    1884 |  34.7 |      13 |       4 |  23.5
     Lair:4 |    5148 |    4165 |  44.7 |      24 |      19 |  44.2
     Lair:5 |    6880 |     756 |   9.9 |      18 |      13 |  41.9
     Lair:6 |    8277 |    1631 |  16.5 |      33 |       4 |  10.8
      Orc:1 |    2055 |     828 |  28.7 |      23 |       1 |   4.2
      Orc:2 |    3025 |    8772 |  74.4 |      42 |      60 |  58.8
      Sewer |       0 |      66 | 100.0 |       0 |      16 | 100.0
     Bailey |       0 |     840 | 100.0 |       0 |      26 | 100.0
            +---------+---------+-------+---------+---------+-------
